 Dungeon Crawl Stone Soup version 0.27.0-1-g7a089689b8 (webtiles) character file.

Game seed: 13080173921551740975

715 gimp the Cudgeller (level 7, -3/61 HPs)
             Began as a Ghoul Conjurer on Aug 10, 2021.
             Slain by a small abomination (5 damage)
             ... on level 1 of the Abyss.
             The game lasted 00:07:52 (6247 turns).

gimp the Cudgeller (Ghoul Conjurer)                 Turns: 6247, Time: 00:07:53

Health: -3/61      AC:  6    Str: 13    XL:     7   Next: 69%
Magic:  8/8        EV:  9    Int: 13    God:
Gold:   144        SH:  0    Dex:  7    Spells: 8/9 levels left

rFire    . . .     SeeInvis .   o - +3 flail (protect)
rCold    + . .     Faith    .   (no shield)
rNeg     + + +     Spirit   .   c - +0 scale mail
rPois    ∞         Reflect  .   (no helmet)
rElec    .         Harm     .   (no cloak)
rCorr    .         Rampage  .   (no gloves)
Will     .....                  (no boots)
Stlth    ..........             d - amulet of magic regeneration
HPRegen  0.00/turn              (no ring)
MPRegen  0.36/turn              (no ring)

@: inhibited regen
A: claws 1, cold resistance 1, negative energy resistance 3, inhibited
regeneration, torment resistance 2
a: no special abilities


You were on level 1 of the Abyss.
You visited 1 branch of the dungeon, and saw 5 of its levels.
You visited the Abyss 1 time.

You collected 144 gold pieces.

Inventory:

Hand Weapons
 o - a +3 flail of protection (weapon)
Armour
 a - a +0 robe
 c - a +0 scale mail (worn)
Jewellery
 d - an amulet of magic regeneration (around neck)
 k - a ring of magical power
Scrolls
 b - a scroll of identify {unknown}
 e - 2 scrolls of fog {unknown}
 f - 3 scrolls of amnesia {unknown}
 g - 2 scrolls of blinking {unknown}
 h - a scroll of brand weapon {unknown}
 l - 5 scrolls of teleportation {unknown}
 n - a scroll of immolation {unknown}
Potions
 i - 2 potions of curing
 j - a potion of resistance


   Skills:
 - Level 5.0 Fighting
 * Level 6.0 Maces & Flails
 - Level 1.7 Dodging
 - Level 2.1 Stealth
 - Level 1.7 Spellcasting
 - Level 3.2 Conjurations


You had 8 spell levels left.
You knew the following spells:

 Your Spells              Type           Power      Damage    Failure   Level
a - Magic Dart            Conj           36%        1d4       34%         1

Your spell library contained the following spells:

 Spells                   Type           Power      Damage    Failure   Level
 Searing Ray              Conj           18%        3d3       45%         2
 Dazzling Flash           Conj/Hex       10%        N/A       90%         3
 Fulminant Prism          Conj/Hex       2%         3d6       100%        4
 Iskenderun's Mystic Bla  Conj/Tloc      5%         2d3       100%        4


Dungeon Overview and Level Annotations

Branches:
Dungeon (5/15)
 Temple: D:4-7

Altars:
Hepliaklqana
Uskayaw

Shops:
D:1 *


Innate Abilities, Weirdness & Mutations

You thrive by killing the living.
You are immune to poison.
You have sharp fingernails.
Your flesh is cold resistant. (rC+)
You are immune to negative energy. (rN+++)
You do not regenerate when monsters are visible.
You are immune to unholy pain and torment.


Message History

The thrashing horror barely misses you.
A small abomination comes into view.
The thrashing horror roars!
The thrashing horror barely misses you. The thrashing horror tramples you.
You stumble backwards!
You take 2 damage, and have 45/61 hp.
The thrashing horror tramples you.
You stumble backwards!
Found a scroll labelled ENLARO RUFAOVA.
You take 1 damage, and have 44/61 hp.
There are no items here.
The thrashing horror roars!
The thrashing horror tramples you!
You stumble backwards!
You take 9 damage, and have 35/61 hp.
The thrashing horror roars!
The thrashing horror tramples you.
You stumble backwards!
You take 1 damage, and have 34/61 hp.
The thrashing horror roars!
The thrashing horror closely misses you.
The thrashing horror tramples you but does no damage.
The thrashing horror tramples you!
You hold your ground!
The thrashing horror tramples you but does no damage.
The small abomination closely misses you.
You take 14 damage, and have 20/61 hp.
MASSIVE DAMAGE!!
The thrashing horror roars!
The thrashing horror tramples you.
* * * LOW HITPOINT WARNING * * *
You stumble backwards!
You take 3 damage, and have 17/61 hp.
The small abomination misses you.
The thrashing horror tramples you but does no damage. x2
The thrashing horror barely misses you.
The thrashing horror closely misses you.
The thrashing horror roars!
The thrashing horror tramples you!
* * * LOW HITPOINT WARNING * * *
You hold your ground!
The thrashing horror tramples you.
* * * LOW HITPOINT WARNING * * *
You hold your ground!
You take 15 damage, and have 2/61 hp.
MASSIVE DAMAGE!!
The small abomination hits you.
You die...

....#....###.###......
#..##..X.##.#. ......
#.............#.. .
..# ./..##..#.#...#
#.......##......#
................#.. .
. ..#.##...##..#.#
#.... ...##
#...##..###.#.... .#
##.....Xx@..>....
#....#..#######..
..#.#.### .#####.. .
###


You could see a thrashing horror and a small abomination.

Vanquished Creatures
  A sky beast (D:3)
  A black bear (D:4)
  A necrophage (D:5)
  A scorpion (D:4)
  2 hounds (D:4)
  An orc priest (D:4)
  Jessica (D:2)
  2 orc wizards
  An iguana (D:4)
  A hound skeleton (D:5)
  A howler monkey zombie (D:5)
  4 gnolls
  4 adders
  An adder skeleton (D:2)
  2 worms
  3 dart slugs
  10 orcs
  10 ball pythons
  3 bats
  7 endoplasms
  3 giant cockroaches
  6 goblins
  4 hobgoblins
  6 jackals
  4 quokkas
  3 frilled lizards
  3 kobolds
  2 rats
88 creatures vanquished.

Vanquished Creatures (others)
  A plant (D:4)
1 creature vanquished.

Grand Total: 89 creatures vanquished

Notes
Turn   | Place    | Note
-------+----------+-------------------------------------------
     0 | D:1      | gimp the Ghoul Conjurer began the quest for the Orb.
     0 | D:1      | Reached XP level 1. HP: 14/14 MP: 2/2
   188 | D:1      | Reached skill level 1 in Fighting
   197 | D:1      | Reached XP level 2. HP: 23/23 MP: 3/3
   220 | D:1      | Reached skill level 1 in Maces & Flails
   899 | D:1      | Found Oneqiro's Assorted Antiques.
  1677 | D:2      | Reached XP level 3. HP: 28/28 MP: 4/4
  1814 | D:2      | Reached skill level 2 in Maces & Flails
  1897 | D:2      | Reached XP level 4. HP: 24/36 MP: 5/5
  2154 | D:2      | Noticed Jessica
  2165 | D:2      | Killed Jessica
  2253 | D:2      | Reached skill level 3 in Maces & Flails
  2560 | D:3      | Reached XP level 5. HP: 17/42 MP: 6/6
  2843 | D:3      | Found a faded altar of an unknown god.
  3459 | D:4      | Reached skill level 4 in Maces & Flails
  3459 | D:4      | Reached XP level 6. HP: 17/51 MP: 7/7
  3790 | D:4      | Noticed a black bear
  3794 | D:5      | Entered Level 5 of the Dungeon
  3803 | D:5      | Noticed a necrophage
  3974 | D:4      | Found a hide-covered altar of Uskayaw.
  4119 | D:5      | Killed a necrophage
  4399 | D:4      | Reached skill level 5 in Maces & Flails
  4424 | D:5      | Reached XP level 7. HP: 57/59 MP: 8/8
  5575 | D:4      | Found a hazy altar of Hepliaklqana.
  5576 | D:4      | Found a faded altar of an unknown god.
  5576 | D:4      | Found a faded altar of an unknown god.
  5578 | D:4      | Found a faded altar of an unknown god.
  5994 | D:3      | Reached skill level 6 in Maces & Flails
  6188 | D:3      | Reached skill level 5 in Fighting
  6197 | D:3      | Cast into level 1 of the Abyss (orc wizard)
  6228 | Abyss:1  | Noticed a thrashing horror
  6235 | Abyss:1  | Noticed a small abomination
  6246 | Abyss:1  | HP: 2/61 [thrashing horror (2)]
  6247 | Abyss:1  | Slain by a small abomination

Illustrated notes

Levels and vault maps discovered:
D:1:      sevenhm_arrival_forest_fort_large_4, layout_basic, serial_shops,
          nicolae_shop_waterfront
D:2:      layout_loops_ring, minmay_misc_feat_columns, uniq_jessica
D:3:      layout_loops_cross, ebering_ecumenical_altar_mist, serial_bayou_pond_d
D:4:      layout_loops_corners, nicolae_hepliaklqana_ecumenical_no_more,
          mainiacjoe_overflow_24_doors
D:5:      layout_rooms
Abyss:1:  base:
D:2

Skill      XL: |  1  2  3  4  5  6  7 |
---------------+----------------------+-----
Fighting       | 1 2 3 4 5 |  5.0
Maces & Flails | 1 2 3 4 5 6 |  6.0
Dodging        | |  1.7
Stealth        | |  2.1
Spellcasting   | |  1.7
Conjurations   | |  3.2

Action                   |  1- 3 |  4- 6 |  7- 9 || total
-------------------------+-------+-------+-------++-------
Melee: Mace              |    87 |   143 |       ||   230
       Unarmed           |     8 |       |       ||     8
       Flail             |       |    56 |   117 ||   173
 Cast: Magic Dart        |       |       |     1 ||     1
  Use: Potion            |       |     5 |     2 ||     7
 Stab: Sleeping          |     3 |       |       ||     3
Armor: Robe              |     4 |       |       ||     4
       Scale mail        |    36 |   143 |    91 ||   270
Dodge: Dodged            |    46 |   100 |    69 ||   215
